 Dungeon Crawl Stone Soup version 0.29.0-7-g18a832c13a (webtiles) character file.

Game seed: 12325045298474307137

11885 Sobieck the Impaler (level 11, -1/90 HPs)
             Began as a Merfolk Gladiator on Aug 31, 2022.
             Was an Elder of Wu Jian.
             Slain by a wolf spider (17 damage)
             ... on level 11 of the Dungeon.
             The game lasted 00:32:32 (15048 turns).

Sobieck the Impaler (Merfolk Gladiator)            Turns: 15048, Time: 00:32:32

Health: -1/90      AC: 17    Str: 18    XL:     11   Next: 84%
Magic:  11/11      EV: 12    Int:  8    God:    Wu Jian [****..]
Gold:   165        SH:  0    Dex: 19    Spells: 10/10 levels left

rFire   . . .      SeeInvis .   a - +3 glaive (distort) {!wpolearm}
rCold   . . .      Faith    .   (shield currently unavailable)
rNeg    . . .      Spirit   .   F - +0 storm dragon scales {rare}
rPois   +          Reflect  .   c - +0 helmet
rElec   +          Harm     .   I - +0 cloak {Stlth+}
rCorr   .          Rampage  .   o - +2 pair of gloves "Qaecaki" {rPois Dex+3 Slay+2}
Will    .....                   H - +1 pair of boots
Stlth   ..........              (no amulet)
HPRegen 0.25/turn               (no ring)
MPRegen 0.12/turn               (no ring)

@: lethally poisoned (-1 -> -22), studying Fighting
A: (nimble swimmer 2), mertail
a: Renounce Religion, Wall Jump, Serpent's Lash


You were on level 11 of the Dungeon.
You worshipped Wu Jian.
Wu Jian was greatly pleased with you.
You visited 3 branches of the dungeon, and saw 14 of its levels.
You also visited: Ossuary.

You collected 705 gold pieces.
You spent 540 gold pieces at shops.


Innate Abilities, Weirdness & Mutations

((You are very nimble when in or above water. (Stealth+, EV+, Speed+++)))
Your lower body shifts to a powerful aquatic tail in water.


   Skills:
 + Level 9.9 Fighting
 * Level 19.1 Polearms
 - Level 5.0 Throwing
 - Level 11.0 Dodging


You had 10 spell levels left.
You didn't know any spells.
Your spell library contained the following spells:

 Spells                   Type           Power      Damage    Failure   Level
 Magic Dart               Conj           0%         1d3       100%        1
 Summon Small Mammal      Summ           0%         N/A       100%        1
 Poisonous Vapours        Pois/Air       0%         N/A       100%        2
 Searing Ray              Conj           0%         2d4       100%        2
 Call Canine Familiar     Summ           0%         N/A       100%        3
 Gell's Gravitas          Tloc           0%         N/A       100%        3
 Ignite Poison            Fire/Tmut/Pois 0%         N/A       100%        3
 Lesser Beckoning         Tloc           0%         N/A       100%        3
 Mephitic Cloud           Conj/Pois/Air  0%         N/A       100%        3
 Portal Projectile        Hex/Tloc       0%         N/A       100%        3
 Summon Guardian Golem    Hex/Summ       0%         N/A       100%        3
 Teleport Other           Tloc           0%         N/A       100%        3
 Animate Dead             Necr           0%         N/A       100%        4
 Corpse Rot               Necr/Pois/Air  0%         N/A       100%        4
 Dispel Undead            Necr           0%         3d6       100%        4
 Fulminant Prism          Conj/Hex       0%         3d6       100%        4
 Leda's Liquefaction      Hex/Erth       0%         N/A       100%        4
 Alistair's Intoxication  Tmut/Pois      0%         N/A       100%        5
 Borgnjor's Vile Clutch   Necr/Erth      0%         N/A       100%        5
 Freezing Cloud           Conj/Ice/Air   0%         6-21      100%        5
 Death Channel            Necr           0%         N/A       100%        6
 Eringya's Noxious Bog    Tmut/Pois      0%         N/A       100%        6
 Haunt                    Necr/Summ      0%         N/A       100%        7
 Infestation              Necr           0%         N/A       100%        8

Inventory:

Hand Weapons
 a - a +3 glaive of distortion (weapon) {!wpolearm}
   (You took it off Maggie on level 7 of the Dungeon)
 b - a +0 sling
   (You found it on level 1 of the Dungeon)
 g - a +2 halberd {polearm}
   (You took it off a gnoll on level 6 of the Dungeon)
 r - a +5 spear {polearm}
   (You took it off a wight on level 6 of the Dungeon)
 P - a +1 trident {polearm}
 X - a +2 morningstar {mace}
   (You took it off a wight on level 6 of the Dungeon)
Missiles
 d - 5 throwing nets {=f!fthrowing}
 e - a javelin {throwing}
 i - 6 boomerangs {throwing}
 k - 66 stones {throwing}
 n - a curare-tipped dart {=fthrowing}
 t - 6 poisoned darts {throwing}
Armour
 c - a +0 helmet (worn)
 o - the +2 pair of gloves "Qaecaki" (worn) {rPois Dex+3 Slay+2}
   (You found it on level 10 of the Dungeon)

   Dex:       It affects your dexterity (+3).
   Slay:      It affects your accuracy & damage with ranged weapons and melee
   (+2).
   rPois:     It protects you from poison.
 C - a scarf of shadows
   (You found it on level 9 of the Dungeon)
 D - a +0 robe
   (You took it off a gnoll bouda on level 6 of the Dungeon)
 E - a +0 pair of boots
   (You found it on level 10 of the Dungeon)
 F - +0 storm dragon scales (worn) {rare}
   (You found it on level 9 of the Dungeon)
 H - a +1 pair of boots (worn)
   (You bought it in a shop on level 10 of the Dungeon)
 I - a +0 cloak of stealth (worn)
   (You bought it in a shop on level 10 of the Dungeon)
 L - +2 swamp dragon scales
   (You took it off Maggie on level 7 of the Dungeon)
 M - a +0 robe
   (You took it off Sigmund on level 6 of the Dungeon)
 Q - a +0 robe
   (You took it off a wight on level 6 of the Dungeon)
 R - a +0 robe
   (You took it off a wight on level 6 of the Dungeon)
 S - a +0 robe of cold resistance
   (You took it off a wight on level 6 of the Dungeon)
 U - a +0 robe
   (You took it off a wight on level 6 of the Dungeon)
 V - a +0 robe
   (You took it off a wight on level 6 of the Dungeon)
 W - a +0 robe
   (You took it off a wight on level 6 of the Dungeon)
 Y - a +0 robe
   (You took it off a wight on level 6 of the Dungeon)
Wands
 w - a wand of flame (51)
   (You found it on level 4 of the Dungeon)
 A - a wand of acid (1) (quivered)
   (You found it on level 5 of the Dungeon)
 G - a wand of digging (3)
   (You took it off a kobold on level 7 of the Dungeon)
 T - a wand of mindburst (13)
   (You found it on level 7 of the Dungeon)
Scrolls
 s - a scroll of butterflies
 x - 2 scrolls of blinking {!r}
 y - 5 scrolls of teleportation {@r4}
 z - a scroll of vulnerability {!r!r}
 B - a scroll of torment {!r}
 K - a scroll of identify {@r1}
 Z - a scroll of magic mapping {!r}
Potions
 f - 3 potions of brilliance
 j - 2 potions of might
 l - 2 potions of invisibility
 p - 6 potions of attraction {!q}
 q - 4 potions of curing {@q1}
 u - 4 potions of mutation {!q}
 v - 3 potions of lignification {!q}
 J - 2 potions of haste {@q3}
 N - a potion of flight
 O - a potion of cancellation

Dungeon Overview and Level Annotations

Branches:
Dungeon (12/15) Zot: 26635  Temple (1/1) D:4 Zot: 5925    Lair (1/5) D:11 Zot: 5934
Ossuary (visited)
    Orc: D:9-12

Altars:
Ashenzari
Cheibriados
Dithmenos
Elyvilon
Fedhas
Gozag
Hepliaklqana
Kikubaaqudgha
Makhleb
Nemelex Xobeh
Okawaru
Qazlal
Ru
Sif Muna
Trog
Uskayaw
Vehumet
Wu Jian
Xom
Yredelemnul
Zin
The Shining One

Shops:
D:5 :   D:10 [

Annotations:
D:5 Pikel
D:10 exclusions: boulder beetle, centaur warrior, golden eye and spriggan
D:11 exclusion: downstairs
Lair:1 Fannar

###########.# #..........#
+...>.......### #....>.....#
#########.#...#######..........#
# #..###.......+..........# #
##.## #########..........# ##..#
#..........# #..## #..........#
#.## #### ######'#####
##'########s@# #.#
#.........Ws## #.## ###
#........†yc# #..# ..#
#...........# ##.#
..###...........# #.#
..'.#...........# #.#
..#.'.[.......>.# #.#
#####...........# #.#
#...........# #.#


You could see 2 wolf spiders, a friendly hornet (summoned), a friendly shadow
(summoned) and a friendly centaur (summoned).


Message History

You start resting.
Unknown command.
Unknown command.
You climb downwards.
Welcome back to the Lair of Beasts!
Level annotation: Fannar The wolf spider hits you.
The wolf spider bites you but does no damage.
The wolf spider barely misses you. x2
The ice beast hits you but does no damage.
There is a staircase back to the Dungeon here.
Danger!
The wolf spider hits you but does no damage.
The wolf spider closely misses you. The wolf spider barely misses you.
The wolf spider closely misses you. The ice beast closely misses you.
The wolf spider barely misses you.
The wolf spider bites you but does no damage.
The wolf spider closely misses you. The wolf spider bites you!
You climb upwards.
Welcome back to the Dungeon!
Level annotation: exclusion: downstairs
There is a staircase to the Lair here.
Unknown command.
Unknown command.
You hit the wolf spider.
The wolf spider blinks!
The wolf spider hits you!
The wolf spider bites you but does no damage.
You slice the wolf spider!!
The wolf spider blinks!
You are too injured to fight recklessly!
Reach: a) +3 glaive (distort) {!wpolearm}
Press: ? - help, Dir - move target, f - wolf spider
Aim: a wolf spider (moderately wounded, about 27% to evade your +3 glaive of distortion)
You reach to attack!
You hit the wolf spider.
Space warps around the wolf spider.
You slice the wolf spider!!
Space warps around the wolf spider.
Unknown command.
You hit the wolf spider but do no damage.
Space warps around the wolf spider.
The wolf spider hits you. The wolf spider bites you!
Unknown command.
You closely miss the wolf spider. The wolf spider misses you.
The wolf spider bites you!
* * * LOW HITPOINT WARNING * * *
The wolf spider hits you!
* * * LOW HITPOINT WARNING * * *
The wolf spider bites you but does no damage.
Unknown command.
Unknown command.
You feel much better. The wolf spider closely misses you. x2
The wolf spider barely misses you. The wolf spider bites you!
* * * LOW HITPOINT WARNING * * *
The wolf spider hits you!
* * * LOW HITPOINT WARNING * * *
The wolf spider bites you but does no damage.
The wolf spider closely misses you. The wolf spider bites you.
* * * LOW HITPOINT WARNING * * *
You feel much better. The wolf spider hits you!
The wolf spider bites you but does no damage.
The wolf spider barely misses you.
The wolf spider bites you but does no damage.
Unknown command.
Unknown command.
You barely miss the wolf spider. The wolf spider hits you!
* * * LOW HITPOINT WARNING * * *
The wolf spider bites you but does no damage.
The wolf spider hits you but does no damage.
The wolf spider bites you but does no damage.
The wolf spider hits you!
* * * LOW HITPOINT WARNING * * *
The wolf spider bites you but does no damage.
Unknown command.
Unknown command.
You feel much better. The wolf spider hits you!
The wolf spider barely misses you. The wolf spider hits you!
* * * LOW HITPOINT WARNING * * *
The wolf spider bites you but does no damage.
The wolf spider hits you!
* * * LOW HITPOINT WARNING * * *
The wolf spider bites you.
* * * LOW HITPOINT WARNING * * *
You are lethally poisoned!
The wolf spider poisons you!
As you read the scroll of summoning, it crumbles to dust.
Wisps of shadow whirl around you...
* * * LOW HITPOINT WARNING * * *
You feel extremely sick.
The wolf spider hits you but does no damage.
The wolf spider barely misses you. The wolf spider misses you.
The wolf spider closely misses you. The wolf spider hits you!
* * * LOW HITPOINT WARNING * * *
The wolf spider closely misses you.
Unknown command.
Unknown command.
You feel much better.
* * * LOW HITPOINT WARNING * * *
You feel extremely sick.
The wolf spider hits you but does no damage.
The wolf spider bites you.
* * * LOW HITPOINT WARNING * * *
Your centaur hits the wolf spider.
Your centaur kicks the wolf spider.
Your hornet barely misses the wolf spider.
The wolf spider hits you!
You die...

Skill      XL: |  1  2  3  4  5  6  7  8  9 10 11 |
---------------+----------------------------------+-----
Polearms       | 5 7 8 10 12 16 17 19 | 19.1
Dodging        | 5 6 7 9 10 11 | 11.0
Fighting       | 6 9 |  9.9
Throwing       | 4 5 |  5.0

Action                   |  1- 3 |  4- 6 |  7- 9 | 10-12 || total
-------------------------+-------+-------+-------+-------++-------
Melee: Spear             |    75 |   175 |   167 |       ||   417
       Trident           |     4 |       |   315 |       ||   319
       Punch             |       |     4 |     3 |       ||     7
       Tailslap          |       |       |    11 |       ||    11
       Halberd           |       |       |    74 |       ||    74
       Glaive            |       |       |     3 |   293 ||   296
 Fire: Sling             |    26 |     3 |       |       ||    29
Throw: Dart              |       |     4 |     6 |     7 ||    17
       Stone             |       |       |     7 |       ||     7
Invok: Lunge             |       |     1 |     6 |    15 ||    22
       Whirlwind         |       |       |    12 |    24 ||    36
 Abil: Wall Jump         |       |       |       |     3 ||     3
Evoke: Wand              |       |       |     5 |       ||     5
  Use: Scroll            |       |     5 |    15 |     7 ||    27
       Potion            |       |       |     3 |     4 ||     7
 Stab: Sleeping          |     2 |     1 |     1 |       ||     4
       Distracted        |     1 |       |     1 |       ||     2
Armor: Leather armour    |     9 |    22 |    61 |       ||    92
       Chain mail        |       |       |     3 |       ||     3
       Swamp dragon scal |       |       |       |    29 ||    29
       Storm dragon scal |       |       |       |    49 ||    49
Dodge: Dodged            |    36 |    79 |   242 |   120 ||   477

Levels and vault maps discovered:
D:1:      spicycebolla_green_bress_n_ham, layout_loops_cross,
          amcnicky_mini_corridor_feature
D:2:      layout_rooms
D:3:      layout_basic, kennysheep_nub, lemuel_flame_loot_1
D:4:      layout_loops_ring, minmay_temple_entry_mini_moons,
          kennysheep_big_empty_room
D:5:      layout_basic, hangedman_decor_opposing, nicolae_shop_vocational,
          uniq_pikel
D:6:      layout_cave_pools, serial_bayou, serial_bayou_shore_a,
          serial_bayou_pond_a, serial_bayou_shore_b, serial_bayou_crossing,
          serial_bayou_pond_d, nicolae_ossuary_entry_giza,
          minmay_misc_feat_secret_circle, minmay_misc_feat_ornament,
          minmay_misc_feat_alley, uniq_sigmund
D:7:      layout_cave_pods, mainiacjoe_overflow_surrounded_room,
          dilly_guarded_unrand_morg, uniq_maggie
D:8:      layout_basic, minitemple, serial_park_tiny_1
D:9:      layout_irregular_city
D:10:     minmay_klotski, layout_loops_ring, serial_shops, nicolae_stop_n_shop_1
D:11:     layout_roguey, lair_entry_dummy, gauntlet_entry_generic, zin_academy
D:12:     dreamdust_under_siege, layout_cave_pools,
          kennysheep_orc_monster_closet_entryway, uniq_psyche
Temple:   nicolae_temple_two_arcs
Lair:1:   layout_gridlike, gammafunk_ghost_grave,
          nicolae_lair_run_with_the_wolves, uniq_fannar

Notes
Turn   | Place    | Note
-------+----------+-------------------------------------------
     0 | D:1      | Sobieck the Merfolk Gladiator began the quest for the Orb.
     0 | D:1      | Reached XP level 1. HP: 16/16 MP: 1/1
    93 | D:1      | You pick up a book of Callings and begin reading...
    93 | D:1      | You add the spells Summon Small Mammal, Call Canine
                  | Familiar and Summon Guardian Golem to your library.
   236 | D:1      | Reached XP level 2. HP: 22/22 MP: 2/2
   444 | D:1      | You pick up a book of Conjurations {@e2} and begin
                  | reading...
   444 | D:1      | You add the spells Magic Dart, Searing Ray and Fulminant
                  | Prism to your library.
   582 | D:1      | Reached skill level 5 in Polearms
   586 | D:1      | Reached XP level 3. HP: 17/27 MP: 3/3
   846 | D:1      | You add the spells Ignite Poison, Mephitic Cloud and
                  | Freezing Cloud to your library.
  1013 | D:2      | You pick up a book of Death and begin reading...
  1013 | D:2      | You add the spells Animate Dead, Haunt and Infestation to
                  | your library.
  1491 | D:2      | Reached XP level 4. HP: 33/33 MP: 4/4
  1602 | D:2      | Reached skill level 5 in Dodging
  1856 | D:2      | You pick up a book of Displacement and begin reading...
  1856 | D:2      | You add the spells Lesser Beckoning, Gell's Gravitas and
                  | Teleport Other to your library.
  2298 | D:3      | Reached skill level 6 in Polearms
  2566 | D:3      | Noticed an ogre
  2575 | D:3      | Killed an ogre
  2576 | D:3      | Reached skill level 7 in Polearms
  2576 | D:3      | Reached XP level 5. HP: 38/38 MP: 5/5
  2950 | D:4      | Found a staircase to the Ecumenical Temple.
  2950 | D:4      | Noticed an ogre
  2997 | D:4      | Noticed a phantom
  3032 | D:3      | Killed a phantom
  3033 | D:3      | Reached skill level 6 in Dodging
  3033 | D:3      | Reached XP level 6. HP: 29/44 MP: 6/6
  3147 | Temple   | Entered the Ecumenical Temple
  3217 | Temple   | Became a worshipper of the Wu Jian Council
  3257 | D:4      | Reached skill level 8 in Polearms
  3999 | D:4      | HP: 11/44 [gnoll/+0 club (3)]
  4000 | D:4      | HP: 5/44 [gnoll/+0 club (6)]
  4002 | D:4      | HP: 2/44 [gnoll/+0 club (1)]
  4004 | D:4      | Reached XP level 7. HP: 1/50 MP: 7/7
  4410 | D:5      | Entered Level 5 of the Dungeon
  4569 | D:5      | Reached skill level 9 in Polearms
  4575 | D:5      | Reached skill level 7 in Dodging
  5119 | D:5      | You add the spells Alistair's Intoxication, Borgnjor's Vile
                  | Clutch and Eringya's Noxious Bog to your library.
  5291 | D:5      | Found Oriphad's Vocational Training.
  5527 | D:4      | Reached skill level 10 in Polearms
  6001 | D:5      | Reached * piety under Wu Jian
  6002 | D:5      | Reached XP level 8. HP: 56/56 MP: 8/8
  6298 | D:5      | Noticed Pikel
  6389 | D:6      | Reached skill level 8 in Dodging
  6448 | D:6      | Noticed Sigmund
  6531 | D:6      | Found a sand-covered staircase.
  6535 | Ossuary  | Entered an ossuary
  6803 | Ossuary  | Reached skill level 11 in Polearms
  6998 | Ossuary  | Reached skill level 9 in Dodging
  7219 | D:6      | Reached skill level 12 in Polearms
  7458 | D:5      | Reached XP level 9. HP: 45/61 MP: 9/9
  7662 | D:6      | Reached ** piety under Wu Jian
  7663 | D:6      | Reached skill level 13 in Polearms
  7758 | D:6      | Killed Sigmund
  8317 | D:6      | Reached skill level 14 in Polearms
  8687 | D:6      | Reached skill level 15 in Polearms
  9092 | D:7      | Noticed Maggie
  9522 | D:7      | Killed Maggie
  9523 | D:7      | Reached skill level 16 in Polearms
  9713 | D:7      | Identified a scroll of acquirement
  9713 | D:7      | Acquired a manual of Fighting
  9728 | D:7      | Reached XP level 10. HP: 59/68 MP: 10/10
  9801 | D:7      | Found a glowing silver altar of Zin.
  9824 | D:7      | Reached *** piety under Wu Jian
  9846 | D:7      | Reached skill level 3 in Fighting
 10513 | D:7      | Found the +4 dagger "Morg" {pain, Will+ Int+5}
 10521 | D:7      | You pick up a book of Decay and begin reading...
 10521 | D:7      | You add the spells Corpse Rot, Dispel Undead and Death
                  | Channel to your library.
 10568 | D:7      | Reached skill level 4 in Fighting
 10568 | D:7      | Reached skill level 3 in Throwing
 10993 | D:8      | Reached skill level 5 in Fighting
 11048 | D:8      | You pick up a book of the Hunter and begin reading...
 11048 | D:8      | You add the spells Portal Projectile and Leda's
                  | Liquefaction to your library.
 11128 | D:8      | Found a bloodstained altar of Trog.
 11133 | D:8      | Found a sparkling altar of Nemelex Xobeh.
 11133 | D:8      | Found a shimmering altar of Xom.
 11328 | D:8      | Reached skill level 10 in Dodging
 11335 | D:8      | Reached skill level 17 in Polearms
 11564 | D:9      | Reached skill level 4 in Throwing
 11781 | D:9      | Noticed a two-headed ogre
 11805 | D:9      | Killed a two-headed ogre
 11806 | D:9      | Reached skill level 6 in Fighting
 11869 | D:9      | Reached XP level 11. HP: 83/83 MP: 11/11
 11937 | D:9      | Reached **** piety under Wu Jian
 11962 | D:9      | F - +0 storm dragon scales {rare}
 12113 | D:9      | Reached skill level 7 in Fighting
 12130 | D:9      | You finish putting on your +0 storm dragon scales {rare}.
 12564 | D:10     | Entered Level 10 of the Dungeon
 12590 | D:10     | Identified the +2 pair of gloves "Qaecaki" {rPois Dex+3
                  | Slay+2}
 12702 | D:10     | Reached skill level 5 in Throwing
 12982 | D:10     | Reached skill level 18 in Polearms
 12992 | D:10     | Reached skill level 8 in Fighting
 12992 | D:10     | Reached skill level 11 in Dodging
 13135 | D:10     | Noticed a deep elf pyromancer
 13146 | D:10     | Killed a deep elf pyromancer
 13213 | D:10     | Found Daggo's Antique Armour Shoppe.
 13221 | D:10     | Bought an embroidered cloak for 270 gold pieces
 13221 | D:10     | Bought a pair of embroidered boots for 270 gold pieces
 13960 | D:10     | Noticed a cyclops
 13968 | D:10     | Killed a cyclops
 14043 | D:10     | Noticed a centaur warrior
 14043 | D:10     | Noticed a boulder beetle
 14186 | D:11     | Reached skill level 9 in Fighting
 14195 | D:11     | Found a staircase to the Lair.
 14326 | D:11     | You pick up a book of Vapours and begin reading...
 14338 | D:11     | Noticed a cyclops
 14342 | D:11     | Killed a cyclops
 14392 | D:11     | Noticed a two-headed ogre
 14397 | D:11     | Killed a two-headed ogre
 14398 | D:11     | Reached skill level 19 in Polearms
 14491 | D:11     | Found a glowing silver altar of Zin.
 14621 | D:12     | Found a glowing golden altar of the Shining One.
 14624 | D:12     | Noticed an apis
 14624 | D:12     | Noticed a necromancer
 14640 | Lair:1   | Entered Level 1 of the Lair of Beasts
 14686 | Lair:1   | Noticed Fannar
 15014 | Lair:1   | Noticed a wolf spider
 15014 | Lair:1   | Noticed a wolf spider
 15047 | D:11     | HP: 17/90 [poisoned by a wolf spider]
 15047 | D:11     | HP: 1/90 [wolf spider (16)]
 15048 | D:11     | Slain by a wolf spider

Vanquished Creatures
  2 two-headed ogres
  A deep elf pyromancer (D:10)
  2 cyclopes
  Maggie (D:7)
  2 trolls
  Sigmund (D:6)
  A wraith (D:7)
  13 yaks
  A wyvern (D:9)
  An acid dragon (D:10)
  2 water moccasins
  7 orc warriors
  2 black bears
  An ice beast (D:5)
  3 ogres
  A sky beast (D:7)
  4 wolves (D:11)
  A boggart (D:10)
  4 centaurs
  A lemure (D:5)
  3 phantoms
  A kobold brigand (D:7)
  2 elf zombies (Ossuary)
  A bullfrog (D:9)
  3 gnoll sergeants
  2 scorpions (D:6)
  12 wights
  9 killer bees
  2 howler monkeys
  2 electric eels (D:6)
  6 centaur zombies (Ossuary)
  A wyvern simulacrum (D:7)
  A bullfrog zombie (D:7)
  5 hounds
  4 human zombies (Ossuary)
  2 jellies
  An orc priest (D:10)
  3 gnoll boudas
  7 orc wizards
  2 iguanas (D:5)
  4 mummies
  40 gnolls
  9 adders
  2 shadow imps (D:7)
  A white imp (D:7)
  A worm (D:2)
  3 dart slugs
  26 orcs
  10 ball pythons
  7 bats
  7 endoplasms
  4 giant cockroaches
  5 goblins
  A hobgoblin (D:3)
  8 kobolds
  4 quokkas
  A frilled lizard (D:1)
  A goblin zombie (D:6)
  An orc zombie (D:6)
  3 rats
258 creatures vanquished.

Vanquished Creatures (others)
  2 fungi (Lair:1)
  27 plants (D:6)
  21 withered plants (D:7)
50 creatures vanquished.

Grand Total: 308 creatures vanquished

Table legend:
 A = Non-vault XP
 B = Vault XP
 C = Vault XP percentage of total XP
 D = Non-vault monster count
 E = Vault monster count
 F = Vault count percentage of total count
                 A         B        C        D         E       F
            +---------+---------+-------+---------+---------+-------
      Total |   14094 |    2885 |  17.0 |     235 |      32 |  12.0
            +---------+---------+-------+---------+---------+-------
        D:1 |      41 |       0 |   0.0 |      23 |       0 |   0.0
        D:2 |      60 |       0 |   0.0 |      12 |       0 |   0.0
        D:3 |     257 |       0 |   0.0 |      15 |       0 |   0.0
        D:4 |     554 |       0 |   0.0 |      19 |       0 |   0.0
        D:5 |     648 |       0 |   0.0 |      20 |       0 |   0.0
        D:6 |    1596 |     234 |  12.8 |      40 |       4 |   9.1
        D:7 |     911 |     862 |  48.6 |      25 |       6 |  19.4
        D:8 |    1862 |       0 |   0.0 |      23 |       0 |   0.0
        D:9 |    2447 |       0 |   0.0 |      24 |       0 |   0.0
       D:10 |    3683 |     644 |  14.9 |      22 |       3 |  12.0
       D:11 |    1884 |     465 |  19.8 |      11 |       4 |  26.7
     Lair:1 |     151 |       0 |   0.0 |       1 |       0 |   0.0
    Ossuary |       0 |     680 | 100.0 |       0 |      15 | 100.0
            +---------+---------+-------+---------+---------+-------

Illustrated notes

Table legend:
 A = Kills in this place as a percentage of kills in entire the game.
 B = Kills by you in this place as a percentage of kills by you in the entire game.
 C = Kills by friends in this place as a percentage of kills by friends in the entire game.
 D = Other kills in this place as a percentage of other kills in the entire game.
 E = Experience gained in this place as a percentage of experience gained in the entire game.
 F = Experience gained in this place divided by the number of levels of this place that you have seen.
                   A       B       C       D       E      F
               +-------+-------+-------+-------+-------+----------------------
         Total | 100.0 | 100.0 |   N/A | 100.0 | 100.0 | 1131.9
       Dungeon |  94.0 |  93.8 |   N/A | 100.0 |  95.1 | 1345.7
          Lair |   0.4 |   0.4 |   N/A |   0.0 |   0.9 | 151.0
       Ossuary |   5.6 |   5.8 |   N/A |   0.0 |   4.0 | 680.0
               +-------+-------+-------+-------+-------+----------------------

Table legend: (Time is in decaauts)
 A = Elapsed time spent in this place.
 B = Non-inter-level travel time spent in this place.
 C = Inter-level travel time spent in this place.
 D = Time resting spent in this place.
 E = Time spent auto-exploring this place.
 F = Levels seen in this place.
 G = Mean time per level.
                   A        B        C        D        E       F      G
               +--------+--------+--------+--------+--------+-----+--------+
         Total |  14754 |  14068 |    686 |   3698 |   7605 |  15 |  983.6 |
       Dungeon |  14160 |  13484 |    676 |   3500 |   7527 |  12 | 1180.0 |
        Temple |     74 |     65 |      9 |      0 |     45 |   1 |   74.0 |
          Lair |     66 |     66 |      0 |      0 |     32 |   1 |   66.0 |
       Ossuary |    454 |    454 |      0 |    198 |      0 |   1 |  454.0 |
               +--------+--------+--------+--------+--------+-----+--------+

Top non-repeatable levels by time:
     D:6: 2158 daAuts
     D:4: 1625 daAuts
     D:5: 1612 daAuts
     D:3: 1359 daAuts
     D:9: 1276 daAuts
     D:1: 1256 daAuts
    D:10: 1228 daAuts
     D:7: 1226 daAuts
    D:11: 955 daAuts
     D:8: 831 daAuts
     D:2: 617 daAuts
 Ossuary: 454 daAuts
  Temple: 74 daAuts
  Lair:1: 66 daAuts
    D:12: 13 daAuts
